 Dungeon Crawl Stone Soup version 0.30-a0-364-gf6b3ef1049 (webtiles) character file.

Game seed: 4758767084298580839

56 Manisia the Caller (level 3, -3/20 HPs)
             Began as a Tengu Summoner on Nov 15, 2022.
             Slain by Crazy Yiuf
             ... wielding a +4 quarterstaff of chaos
              (13 damage)
             ... on level 3 of the Dungeon.
             The game lasted 00:04:43 (2128 turns).

Manisia the Caller (Tengu Summoner)                 Turns: 2128, Time: 00:04:44

Health: -3/20      AC:  3    Str: 10    XL:     3   Next: 97%
Magic:  1/7        EV: 12    Int: 15    God:
Gold:   165        SH:  0    Dex: 14    Spells: 0/6 levels left

rFire   . . .      SeeInvis .    k - +0 spear
rCold   . . .      Faith    .    (no shield)
rNeg    + . .      Spirit   .    a - +1 robe
rPois   .          Reflect  .    (helmet restricted)
rElec   .          Harm     .    (no cloak)
rCorr   .          Rampage  .    (no gloves)
Will    .....                    (boots unavailable)
Stlth   ++........               (no amulet)
HPRegen 0.23/turn                e - ring of positive energy
MPRegen 0.10/turn                (no ring)

@: hasted, very quick
A: beak, talons 3
a: no special abilities


You were on level 3 of the Dungeon.
You visited 1 branch of the dungeon, and saw 3 of its levels.

You collected 165 gold pieces.

Inventory:

Hand Weapons
 k - a +0 spear (weapon)
Missiles
 f - 30 stones (quivered)
 r - 6 datura-tipped darts
Armour
 a - a +1 robe (worn)
Jewellery
 e - a ring of positive energy (left hand)
 i - a ring of fire
Scrolls
 c - a scroll of teleportation
 m - a scroll of magic mapping
 n - a scroll of torment {unknown}
Potions
 b - 2 potions of magic
 g - a potion of lignification
 h - 2 potions of might {unknown}
 j - a potion of cancellation {unknown}
 l - a potion of curing {unknown}
 o - 2 potions of resistance
 p - a potion of mutation {unknown}
 q - a potion of ambrosia {unknown}


   Skills:
 + Level 0.5 Fighting
 + Level 1.0 Polearms
 + Level 2.4 Dodging
 - Level 2.1 Stealth
 + Level 0.4 Unarmed Combat
 + Level 2.3 Spellcasting
 + Level 5.6 Summonings


You couldn't memorise any spells.
You knew the following spells:

 Your Spells              Type           Power      Damage    Failure   Level
a - Summon Small Mammal   Summ           72%        N/A       1%          1
b - Call Imp              Summ           18%        N/A       3%          2
c - Summon Guardian Gole  Hex/Summ       10%        N/A       21%         3

Your spell library contained the following spells:

 Spells                   Type           Power      Damage    Failure   Level
 Call Canine Familiar     Summ           18%        N/A       6%          3
 Scorch                   Fire           2%         2d5       32%         2
 Summon Lightning Spire   Summ/Air       10%        N/A       54%         4
 Flame Wave               Conj/Fire      1%         2d4       91%         4
 Summon Cactus Giant      Summ           9%         N/A       97%         6


Dungeon Overview and Level Annotations

Branches:
Dungeon (3/15)

Altars:
Dithmenos

Annotations:
D:3 Crazy Yiuf


Innate Abilities, Weirdness & Mutations

You have a beak for a mouth.
You have claws for feet.


Message History

Your crimson imp misses Crazy Yiuf.
Crazy Yiuf hits your crimson imp with a +4 quarterstaff of chaos!
Crazy Yiuf freezes your crimson imp.
Reach: k) +0 spear
Press: ? - help, Dir - move target, f/p - Crazy Yiuf
Aim: Crazy Yiuf, wielding a +4 quarterstaff of chaos and wearing a +0 cloak (heavily wounded, ally target, about 36% to evade your +0 spear)
You reach to attack!
You hit Crazy Yiuf but do no damage.
Crazy Yiuf is heavily wounded.
Your crimson imp hits Crazy Yiuf.
Crazy Yiuf hits your crimson imp with a +4 quarterstaff of chaos.
Crazy Yiuf freezes your crimson imp.
Your crimson imp dies!
Your crimson imp disappears in a puff of smoke!
Reach: k) +0 spear
Press: ? - help, Dir - move target, f/p - Crazy Yiuf
Aim: Crazy Yiuf, wielding a +4 quarterstaff of chaos and wearing a +0 cloak (severely wounded, ally target, about 36% to evade your +0 spear)
You reach to attack!
You hit Crazy Yiuf but do no damage.
Crazy Yiuf is severely wounded.
Unknown command.
You closely miss Crazy Yiuf. Your peck misses Crazy Yiuf.
Crazy Yiuf is severely wounded.
Crazy Yiuf hits you with a +4 quarterstaff of chaos!
Ouch! That really hurt!
You feel your power leaking away.
Unknown command.
Crazy Yiuf cries, "Fire!
Paint verde high."
You see here a +0 hammer.
Crazy Yiuf grits, "Island!
Shadow Orb Guardian bush."
Casting: Summon Guardian Golem (extremely dangerous; 21% risk of failure)
Confirm with . or Enter, or press ? or * to list all spells.
You don't have enough magic to cast this spell.
Unknown command.
Casting: Summon Guardian Golem (extremely dangerous; 21% risk of failure)
Confirm with . or Enter, or press ? or * to list all spells.
Okay, then.
You feel yourself speed up.
Crazy Yiuf laughs, "Dawk!
Goober ena mumblescurry."
Crazy Yiuf hits you with a +4 quarterstaff of chaos!
Ouch! That really hurt!
You die...

...##.## #####.##...#
#####..# ###....##.###
##)# #####.........#
#)########......###...##
###..........###..#
#..##
####...#...###...#..##
#..# .....#######
#.)..### #..# ######
#+..+# ##.# ♣).@.♣ #.#
♣♣.g)♣ #.# ♣♣9♣♣ #.#
♣♣.♣ #.# ♣)♣♣ ### ♣♣.♣
♣9♣♣ #'# ...


You could see Crazy Yiuf (ally target) and a friendly guardian golem (summoned).

Vanquished Creatures
  2 orcs (D:3)
  2 endoplasms
  2 giant cockroaches (D:2)
  2 hobgoblins (D:2)
  A jackal (D:1)
  2 kobolds
  4 frilled lizards
  3 rats
18 creatures vanquished.

Vanquished Creatures (collateral kills)
  3 orcs (D:3)
  3 ball pythons
  An endoplasm (D:1)
  4 goblins
  3 hobgoblins (D:1)
  4 jackals
  2 bats (D:1)
  A frilled lizard (D:1)
  2 kobolds (D:1)
23 creatures vanquished.

Vanquished Creatures (others)
  3 jackals (D:3)
  A plant (D:1)
4 creatures vanquished.

Grand Total: 45 creatures vanquished

Notes
Turn   | Place    | Note
-------+----------+-------------------------------------------
     0 | D:1      | Manisia the Tengu Summoner began the quest for the Orb.
     0 | D:1      | Reached XP level 1. HP: 10/10 MP: 4/4
    60 | D:1      | Reached skill level 5 in Summonings
   122 | D:1      | Reached XP level 2. HP: 15/15 MP: 3/6
   220 | D:1      | Learned a level 2 spell: Call Imp
   734 | D:1      | Reached XP level 3. HP: 19/19 MP: 5/7
   771 | D:1      | Found a faded altar of an unknown god.
   935 | D:2      | Learned a level 3 spell: Summon Guardian Golem
  1047 | D:2      | Found a shadowy altar of Dithmenos.
  1908 | D:3      | Reached skill level 1 in Polearms
  2109 | D:3      | Found a runed translucent door.
  2110 | D:3      | Noticed Crazy Yiuf
  2128 | D:3      | Slain by Crazy Yiuf

Illustrated notes

Levels and vault maps discovered:
D:1:      wander_arrival_lonely_grave, layout_rooms,
          shapermc_ecumenical_altar_mp_ritualfount, nicolae_hexahallways
D:2:      layout_loops_cross, basic_altar
D:3:      layout_rooms, corexii_item_surrounded_by_moat, kennysheep_nub,
          uniq_crazy_yiuf_cottage

Skill      XL: |  1  2  3 |
---------------+----------+-----
Summonings     | 5 |  5.6
Polearms       | 1 |  1.0
Fighting       | |  0.5
Dodging        | |  2.4
Stealth        | |  2.1
Unarmed Combat | |  0.4
Spellcasting   | |  2.3

Action                   || total
-------------------------++-------
Melee: Unarmed           ||     4
       Peck              ||     7
       Spear             ||    54
       Kick              ||     5
Throw: Stone             ||     2
 Cast: Summon Small Mamm ||    28
       Call Imp          ||     4
       Summon Guardian G ||     3
  Use: Scroll            ||     9
       Potion            ||     1
 Stab: Distracted        ||     1
       Sleeping          ||     4
Armor: Robe              ||     7
Dodge: Dodged            ||    21

Table legend: (Time is in decaauts)
 A = Elapsed time spent in this place.
 B = Non-inter-level travel time spent in this place.
 C = Inter-level travel time spent in this place.
 D = Time resting spent in this place.
 E = Time spent auto-exploring this place.
 F = Levels seen in this place.
 G = Mean time per level.
                   A        B        C        D        E       F      G
               +--------+--------+--------+--------+--------+-----+--------+
         Total |   2131 |   2095 |     36 |    100 |   1591 |   3 |  710.3 |
       Dungeon |   2131 |   2095 |     36 |    100 |   1591 |   3 |  710.3 |
               +--------+--------+--------+--------+--------+-----+--------+

Top non-repeatable levels by time:
     D:1: 894 daAuts
     D:2: 739 daAuts
     D:3: 498 daAuts
